[Event "German Masters 2021"]
[Site "Magdeburg"]
[Date "2021.07.24"]
[Round "2.5"]
[White "Engel, Luis"]
[Black "Heimann, Andreas"]
[Result "1/2-1/2"]
[ECO "C24"]
[WhiteElo "2543"]
[BlackElo "2599"]
[Annotator "ChessBase"]
[PlyCount "123"]
[EventDate "2021.07.23"]
[EventType "tourn"]
[EventCountry "GER"]
[SourceTitle "playchess.com"]
[Source "ChessBase"]
[SourceQuality "1"]
[TimeControl "40/5400+30:1800+30"]

1. e4 e5 2. Bc4 Nf6 3. d3 Nc6 4. Nc3 Na5 5. Nge2 Bc5 6. O-O Nxc4 7. dxc4 d6 8. Qd3 Be6 9. b3 O-O 10. Be3 Bxe3 11. Qxe3 c6 12. Rad1 Qc7 13. Rd3 Rfd8 14. Rfd1 Rd7 15. h3 h6 16. f4 exf4 17. Qxf4 Rad8 18. c5 Ne8 19. Nd4 Qa5 20. cxd6 Rxd6 21. e5 R6d7 22. b4 Qc7 23. Ne4 Bc4 24. R3d2 f6 25. Nf3 Rxd2 26. Rxd2 Rxd2 27. Nexd2 Bxa2 28. c4 b5 29. Qf5 bxc4 30. Qe6+ Qf7 31. Qxc6 c3 32. Qxc3 Bd5 33. Qc8 Qe6 34. Qxe6+ Bxe6 35. Nd4 Bd5 36. Nb5 fxe5 37. Nxa7 Kf7 38. Kf2 Nd6 39. Nf3 Ke6 40. b5 Ba8 41. g4 Kd5 42. Ke3 Bb7 43. h4 Nc4+ 44. Ke2 Kc5 45. h5 e4 46. Nh4 Ne5 47. g5 hxg5 48. Nf5 g6 49. hxg6 Nxg6 50. Ng3 Nf4+ 51. Ke3 Ng2+ 52. Kf2 e3+ 53. Ke2 Bd5 54. Nc6 Bc4+ 55. Kf3 Bxb5 56. Ne7 e2 57. Nxe2 Nh4+ 58. Kg4 Bxe2+ 59. Kxg5 Nf3+ 60. Kf4 Nd4 61. Nf5 Nxf5 62. Kxf5 1/2-1/2

[Event "German Masters 2021"]
[Site "Magdeburg"]
[Date "2021.07.26"]
[Round "4.2"]
[White "Svane, Rasmus"]
[Black "Parvanyan, Ashot"]
[Result "1-0"]
[ECO "C76"]
[WhiteElo "2615"]
[BlackElo "2451"]
[Annotator "ChessBase"]
[PlyCount "58"]
[EventDate "2021.07.23"]
[EventType "tourn"]
[EventCountry "GER"]
[SourceTitle "playchess.com"]
[Source "ChessBase"]
[SourceQuality "1"]
[TimeControl "40/5400+30:1800+30"]

1. e4 e5 2. Nf3 Nc6 3. Bb5 g6 4. c3 a6 5. Ba4 d6 6. d4 Bd7 7. O-O Bg7 8. h3 Nf6 9. Re1 O-O 10. Bc2 Re8 11. Nbd2 b5 12. Nf1 Na5 13. Bg5 h6 14. Bh4 Nc4 15. b3 Nb6 16. Qd2 Qe7 17. Rad1 g5 18. Bg3 Nh5 19. Ne3 Nf4 20. Nf5 Bxf5 21. exf5 Qf6 22. h4 exd4 23. cxd4 Nbd5 24. Be4 Rad8 25. Nh2 c5 26. hxg5 hxg5 27. Bxf4 Nxf4 28. g3 d5 29. Bf3 Nh3+ 1-0

[Event "German Masters 2021"]
[Site "Magdeburg"]
[Date "2021.07.26"]
[Round "4.3"]
[White "Graf, Alexander"]
[Black "Meier, Georg"]
[Result "0-1"]
[ECO "A06"]
[WhiteElo "2569"]
[BlackElo "2628"]
[Annotator "ChessBase"]
[PlyCount "89"]
[EventDate "2021.07.23"]
[EventType "tourn"]
[EventCountry "GER"]
[SourceTitle "playchess.com"]
[Source "ChessBase"]
[SourceQuality "1"]
[TimeControl "40/5400+30:1800+30"]

1. Nf3 d5 2. g3 Bg4 3. Bg2 e6 4. O-O Nf6 5. d4 Be7 6. Nbd2 O-O 7. Re1 c5 8. c4 cxd4 9. Nxd4 e5 10. N4f3 e4 11. Ne5 Bh5 12. cxd5 Qxd5 13. Nxe4 Qxe5 14. Nxf6+ Qxf6 15. Bxb7 Nc6 16. Qd5 Rab8 17. Bxc6 Bb4 18. Bg5 Qxb2 19. Rab1 Qc2 20. Rec1 Qxe2 21. Bf4 Rbd8 22. Qc4 a5 23. Qxe2 Bxe2 24. Rb3 Bd1 25. Re3 Bg4 26. Re5 Be6 27. Re2 Rc8 28. a4 Rfd8 29. f3 h6 30. Kf2 Kf8 31. g4 Rd4 32. Be3 Rc4 33. Rxc4 Bxc4 34. Bb7 Rb8 35. Rc2 Bb3 36. Rc7 Bxa4 37. Bd5 Be8 38. Bc5+ Bxc5+ 39. Rxc5 Rb5 40. Rxb5 Bxb5 41. Ke3 Bd7 42. Kd4 g5 43. Kc5 Ke7 44. Bc4 Be6 45. Kd4 0-1

[Event "German Masters 2021"]
[Site "Magdeburg"]
[Date "2021.07.26"]
[Round "4.5"]
[White "Heimann, Andreas"]
[Black "Fridman, Daniel"]
[Result "1/2-1/2"]
[ECO "D32"]
[WhiteElo "2599"]
[BlackElo "2608"]
[Annotator "ChessBase"]
[PlyCount "54"]
[EventDate "2021.07.23"]
[EventType "tourn"]
[EventCountry "GER"]
[SourceTitle "playchess.com"]
[Source "ChessBase"]
[SourceQuality "1"]
[TimeControl "40/5400+30:1800+30"]

1. d4 d5 2. c4 e6 3. Nc3 c5 4. cxd5 exd5 5. Nf3 Nc6 6. dxc5 d4 7. Na4 Bxc5 8. Nxc5 Qa5+ 9. Qd2 Qxc5 10. e3 dxe3 11. Qxe3+ Qxe3+ 12. Bxe3 Nge7 13. Bb5 O-O 14. O-O Be6 15. Rfd1 Rfd8 16. Bxc6 Nxc6 17. Nd4 Nxd4 18. Rxd4 Rxd4 19. Bxd4 a6 20. a3 f6 21. f3 Kf7 22. Rc1 Rc8 23. Rxc8 Bxc8 24. Bc3 Be6 25. Bd4 Bc8 26. Bc3 Be6 27. Bd4 Bc8 1/2-1/2

[Event "German Masters 2021"]
[Site "Magdeburg"]
[Date "2021.07.27"]
[Round "5.3"]
[White "Meier, Georg"]
[Black "Engel, Luis"]
[Result "0-1"]
[ECO "D37"]
[WhiteElo "2628"]
[BlackElo "2543"]
[Annotator "ChessBase"]
[PlyCount "74"]
[EventDate "2021.07.23"]
[EventType "tourn"]
[EventCountry "GER"]
[SourceTitle "playchess.com"]
[Source "ChessBase"]
[SourceQuality "1"]
[TimeControl "40/5400+30:1800+30"]

1. d4 Nf6 2. Nf3 d5 3. c4 e6 4. Nc3 dxc4 5. e4 b5 6. Nxb5 Nxe4 7. Bxc4 Bb4+ 8. Ke2 O-O 9. Qc2 Nd6 10. Nxd6 cxd6 11. Bg5 Qe8 12. Rhc1 Ba5 13. Kf1 Bb7 14. Qb3 Bb6 15. a4 Nc6 16. Bb5 Rb8 17. d5 exd5 18. Re1 Qc8 19. Rac1 Bc5 20. Be3 d4 21. Bd2 a6 22. Qd3 axb5 23. axb5 Qg4 24. Ng5 Qxg2+ 25. Kxg2 Ne5+ 26. Qe4 Nd3 27. b4 Nxe1+ 28. Bxe1 Bxe4+ 29. Nxe4 f5 30. Nxc5 dxc5 31. Rxc5 g6 32. Bd2 d3 33. Bf4 Rfd8 34. Bd2 Rb6 35. Kf3 Re6 36. Rc6 Re2 37. Bg5 d2 0-1

[Event "German Masters 2021"]
[Site "Magdeburg"]
[Date "2021.07.27"]
[Round "5.4"]
[White "Parvanyan, Ashot"]
[Black "Graf, Alexander"]
[Result "1/2-1/2"]
[ECO "D02"]
[WhiteElo "2451"]
[BlackElo "2569"]
[Annotator "ChessBase"]
[PlyCount "129"]
[EventDate "2021.07.23"]
[EventType "tourn"]
[EventCountry "GER"]
[SourceTitle "playchess.com"]
[Source "ChessBase"]
[SourceQuality "1"]
[TimeControl "40/5400+30:1800+30"]

1. Nf3 d5 2. d4 Nf6 3. c4 c6 4. Qc2 g6 5. e3 Bg7 6. Bd3 O-O 7. Nc3 Na6 8. Qb3 c5 9. O-O b6 10. cxd5 cxd4 11. exd4 Nc7 12. Ne5 Bb7 13. Nc6 Qd6 14. Na5 Bxd5 15. Nxd5 Nfxd5 16. Nc4 Qb4 17. Be3 Rfd8 18. Qxb4 Nxb4 19. Be4 Nbd5 20. Rfd1 Rac8 21. Rac1 Ne6 22. a4 Rc7 23. Kf1 f5 24. Bf3 f4 25. Bd2 g5 26. Ne5 Rxc1 27. Bxc1 Nb4 28. Bd2 Rxd4 29. Bxb4 Rxb4 30. Nc6 Rxa4 31. Bd5 Bxb2 32. Nd8 Kg7 33. Nxe6+ Kf6 34. Nf8 h6 35. Nd7+ Kf5 36. Bb3 Ra3 37. Rd3 e5 38. f3 e4 39. fxe4+ Kxe4 40. Ke2 g4 41. Nb8 a5 42. Nd7 a4 43. Bd5+ Kf5 44. Rxa3 Bxa3 45. Nxb6 Bd6 46. Nxa4 f3+ 47. Kf2 fxg2 48. Kxg2 h5 49. Nc3 h4 50. Ne2 Be5 51. Bb7 Kg5 52. Bc8 Bb2 53. Bd7 Be5 54. Kh1 Bb2 55. Bc8 Be5 56. Nc1 h3 57. Ne2 Kh4 58. Ng1 Bd4 59. Ne2 Be5 60. Bb7 g3 61. hxg3+ Bxg3 62. Nd4 Bc7 63. Nf5+ Kg5 64. Ng7 Be5 65. Ne6+ 1/2-1/2

[Event "German Masters 2021"]
[Site "Magdeburg"]
[Date "2021.07.27"]
[Round "5.5"]
[White "Braun, Arik"]
[Black "Svane, Rasmus"]
[Result "0-1"]
[ECO "E32"]
[WhiteElo "2609"]
[BlackElo "2615"]
[Annotator "ChessBase"]
[PlyCount "76"]
[EventDate "2021.07.23"]
[EventType "tourn"]
[EventCountry "GER"]
[SourceTitle "playchess.com"]
[Source "ChessBase"]
[SourceQuality "1"]
[TimeControl "40/5400+30:1800+30"]

1. d4 Nf6 2. c4 e6 3. Nc3 Bb4 4. Qc2 O-O 5. a3 Bxc3+ 6. Qxc3 d5 7. Bg5 h6 8. Bxf6 Qxf6 9. Nf3 dxc4 10. Qxc4 Nc6 11. Qc3 Re8 12. Rd1 e5 13. d5 Nb8 14. e3 Bf5 15. Be2 Nd7 16. O-O Rac8 17. Bb5 a6 18. Bxd7 Bxd7 19. Nd2 Bb5 20. Rfe1 e4 21. Rc1 Qf5 22. Qd4 Rcd8 23. Nb3 Rxd5 24. Qa7 Qh5 25. Nd4 Rg5 26. Kh1 Qg4 27. Rg1 Rh5 28. g3 Be2 29. Nxe2 Qxe2 30. Qd4 Qxf2 31. Rg2 Qf3 32. Rxc7 Qf1+ 33. Rg1 Qf3+ 34. Rg2 Ree5 35. Rc1 Rd5 36. Qc4 Rd2 37. Qf1 Rxg2 38. Qxg2 Qxe3 0-1

[Event "German Masters 2021"]
[Site "Magdeburg"]
[Date "2021.07.28"]
[Round "6.3"]
[White "Engel, Luis"]
[Black "Parvanyan, Ashot"]
[Result "1/2-1/2"]
[ECO "C77"]
[WhiteElo "2543"]
[BlackElo "2451"]
[Annotator "ChessBase"]
[PlyCount "82"]
[EventDate "2021.07.23"]
[EventType "tourn"]
[EventCountry "GER"]
[SourceTitle "playchess.com"]
[Source "ChessBase"]
[SourceQuality "1"]
[TimeControl "40/5400+30:1800+30"]

1. e4 e5 2. Nf3 Nc6 3. Bb5 a6 4. Ba4 Nf6 5. d3 b5 6. Bb3 Bc5 7. Nc3 d6 8. Nd5 h6 9. c3 Be6 10. Nxf6+ Qxf6 11. O-O Ne7 12. Bxe6 Qxe6 13. d4 Bb6 14. Be3 O-O 15. Re1 f5 16. d5 Qf7 17. Bxb6 cxb6 18. Nd2 fxe4 19. Nxe4 Rad8 20. Qb3 Qxd5 21. Qxd5+ Nxd5 22. Rad1 Nf6 23. Nxd6 Rd7 24. Rd2 Rfd8 25. Red1 Ne8 26. Ne4 Rxd2 27. Nxd2 Nc7 28. Kf1 Ne6 29. g3 Nc5 30. Ke2 Kf7 31. b4 Na4 32. Rc1 Nb2 33. Ne4 Ke6 34. h4 Ra8 35. Nd2 a5 36. Rc2 Nc4 37. Nxc4 bxc4 38. b5 a4 39. a3 Ra5 40. Rb2 Kd5 41. Ke3 Ra7 1/2-1/2

[Event "German Masters 2021"]
[Site "Magdeburg"]
[Date "2021.07.28"]
[Round "6.5"]
[White "Fridman, Daniel"]
[Black "Kollars, Dmitrij"]
[Result "1/2-1/2"]
[ECO "D02"]
[WhiteElo "2608"]
[BlackElo "2607"]
[Annotator "ChessBase"]
[PlyCount "176"]
[EventDate "2021.07.23"]
[EventType "tourn"]
[EventCountry "GER"]
[SourceTitle "playchess.com"]
[Source "ChessBase"]
[SourceQuality "1"]
[TimeControl "40/5400+30:1800+30"]

1. d4 d5 2. Nf3 Nf6 3. c4 c6 4. Qb3 e6 5. Bf4 c5 6. cxd5 Nxd5 7. Bd2 cxd4 8. Nxd4 Bc5 9. Nf3 Nc6 10. Nc3 O-O 11. e3 Qe7 12. Bb5 Bd7 13. Nxd5 exd5 14. Qxd5 Rfd8 15. Qg5 Nd4 16. Qxe7 Nc2+ 17. Kd1 Bxe7 18. Kxc2 Bxb5 19. Nd4 Ba4+ 20. Kd3 Bb5+ 21. Kc2 Ba4+ 22. b3 Bc6 23. f3 Bf6 24. Bc3 Bxd4 25. Bxd4 a5 26. Kb2 a4 27. Rac1 axb3 28. axb3 Ra5 29. Ra1 Rg5 30. Rhg1 f6 31. Rad1 Rgd5 32. Rd2 Kf7 33. Rf2 h5 34. h4 Ra8 35. Bc3 Rd3 36. Re1 Rad8 37. Kc2 Bb5 38. Rd2 f5 39. Rxd3 Bxd3+ 40. Kb2 Rd6 41. Rd1 Rd7 42. Bd4 Ba6 43. Rd2 Rd6 44. Kc3 Bf1 45. Rf2 Bb5 46. Kb4 Bd7 47. Kc5 Ra6 48. b4 g6 49. Kd5 Ra2 50. Bb2 Ra4 51. Kd6 Ke8 52. Bc3 Ra6+ 53. Ke5 Ba4 54. Bd4 Kf7 55. Kf4 Bb3 56. Rb2 Bc4 57. b5 Ra2 58. Rb4 Bf1 59. Rb1 Bd3 60. Rb3 Bf1 61. Rc3 Bxb5 62. Rc7+ Ke6 63. Rxb7 Bc6 64. Rb6 Kd6 65. Bb2 Kc5 66. Bd4+ Kd6 67. Bb2 Kc5 68. Rb8 Bb5 69. Bd4+ Kc4 70. Kg3 Ra6 71. Rg8 Kd5 72. Rb8 Bf1 73. Rb1 Bc4 74. Kf4 Ra2 75. g3 Rf2 76. Ba7 Rf1 77. Rb2 Bd3 78. Bb8 Be4 79. Kg5 Bxf3 80. Kxg6 Bg4 81. Rb5+ Ke4 82. Bf4 Ra1 83. Re5+ Kf3 84. Rb5 Ra6+ 85. Kg5 Ra8 86. Rb4 Rg8+ 87. Kh6 Rh8+ 88. Kg7 Ra8 1/2-1/2

[Event "German Masters 2021"]
[Site "Magdeburg"]
[Date "2021.07.29"]
[Round "7.3"]
[White "Parvanyan, Ashot"]
[Black "Heimann, Andreas"]
[Result "1/2-1/2"]
[ECO "D02"]
[WhiteElo "2451"]
[BlackElo "2599"]
[Annotator "ChessBase"]
[PlyCount "85"]
[EventDate "2021.07.23"]
[EventType "tourn"]
[EventCountry "GER"]
[SourceTitle "playchess.com"]
[Source "ChessBase"]
[SourceQuality "1"]
[TimeControl "40/5400+30:1800+30"]

1. Nf3 d5 2. d4 Nf6 3. c4 e6 4. g3 Bb4+ 5. Bd2 Be7 6. Bg2 O-O 7. O-O Nbd7 8. Bc3 c6 9. Nbd2 b6 10. b4 Bb7 11. Qb3 Rb8 12. Rfd1 c5 13. b5 Qc7 14. Rac1 a6 15. a4 axb5 16. axb5 Ra8 17. Ra1 h6 18. cxd5 Bxd5 19. Qb2 Qb7 20. Bf1 Rfc8 21. Ne5 Nxe5 22. dxe5 Ne4 23. Nxe4 Bxe4 24. f3 Bg6 25. e4 Rxa1 26. Rxa1 c4 27. Ra4 Bc5+ 28. Kh1 Qd7 29. Rxc4 Qd1 30. Qe2 Qb3 31. Bd4 Ra8 32. Bxc5 bxc5 33. Rc2 c4 34. Rb2 Qa3 35. b6 c3 36. b7 cxb2 37. bxa8=Q+ Qxa8 38. Qxb2 Qa7 39. h3 Qe3 40. Bg2 Bh5 41. g4 Bg6 42. Kh2 h5 43. Qb5 1/2-1/2

[Event "German Masters 2021"]
[Site "Magdeburg"]
[Date "2021.07.29"]
[Round "7.4"]
[White "Braun, Arik"]
[Black "Engel, Luis"]
[Result "0-1"]
[ECO "A06"]
[WhiteElo "2609"]
[BlackElo "2543"]
[Annotator "ChessBase"]
[PlyCount "44"]
[EventDate "2021.07.23"]
[EventType "tourn"]
[EventCountry "GER"]
[SourceTitle "playchess.com"]
[Source "ChessBase"]
[SourceQuality "1"]
[TimeControl "40/5400+30:1800+30"]

1. Nf3 d5 2. e3 Nf6 3. c4 e6 4. b3 c5 5. Bb2 Nc6 6. cxd5 exd5 7. Be2 d4 8. Bb5 Bd6 9. h3 O-O 10. O-O Nd5 11. Bxc6 bxc6 12. Na3 Re8 13. Nc4 Re6 14. Re1 Rh6 15. Nxd6 Qxd6 16. exd4 Bxh3 17. Qe2 Rf8 18. Qe5 Qd7 19. g3 f6 20. Qe2 Bg2 21. Nh4 Nf4 22. gxf4 Bd5 0-1

[Event "German Masters 2021"]
[Site "Magdeburg"]
[Date "2021.07.31"]
[Round "9.2"]
[White "Parvanyan, Ashot"]
[Black "Kollars, Dmitrij"]
[Result "1/2-1/2"]
[ECO "E04"]
[WhiteElo "2451"]
[BlackElo "2607"]
[Annotator "ChessBase"]
[PlyCount "51"]
[EventDate "2021.07.23"]
[EventType "tourn"]
[EventCountry "GER"]
[SourceTitle "playchess.com"]
[Source "ChessBase"]
[SourceQuality "1"]
[TimeControl "40/5400+30:1800+30"]

1. Nf3 d5 2. d4 Nf6 3. c4 e6 4. g3 dxc4 5. Bg2 a6 6. O-O Nc6 7. Be3 Bd7 8. Qc1 b5 9. b3 cxb3 10. axb3 Bd6 11. Nc3 O-O 12. Bg5 h6 13. Bxf6 Qxf6 14. Ne4 Qe7 15. Qb2 Nb4 16. Ne5 Bxe5 17. dxe5 Bc6 18. Nf6+ Kh8 19. Bxc6 Nxc6 20. Qc2 gxf6 21. exf6 Qd6 22. Qc1 Kh7 23. Qc2+ Kh8 24. Qc1 Kh7 25. Qc2+ Kh8 26. Qc1 1/2-1/2

[Event "German Masters 2021"]
[Site "Magdeburg"]
[Date "2021.07.31"]
[Round "9.5"]
[White "Graf, Alexander"]
[Black "Engel, Luis"]
[Result "1/2-1/2"]
[ECO "E10"]
[WhiteElo "2569"]
[BlackElo "2543"]
[Annotator "ChessBase"]
[PlyCount "170"]
[EventDate "2021.07.23"]
[EventType "tourn"]
[EventCountry "GER"]
[SourceTitle "playchess.com"]
[Source "ChessBase"]
[SourceQuality "1"]
[TimeControl "40/5400+30:1800+30"]

1. d4 Nf6 2. c4 e6 3. Nf3 d5 4. g3 dxc4 5. Qa4+ Nbd7 6. Bg2 a6 7. Qxc4 b5 8. Qc6 Rb8 9. Bf4 Bb7 10. Qxc7 Qxc7 11. Bxc7 Rc8 12. Ba5 Rc1+ 13. Kd2 Rc4 14. b3 Bxf3 15. Bxf3 Rxd4+ 16. Kc2 e5 17. Nc3 Bc5 18. e3 Rd6 19. Rhd1 Ke7 20. b4 Rxd1 21. Rxd1 Bd6 22. Bb7 Nb8 23. h3 Ke6 24. Kb3 h5 25. a4 bxa4+ 26. Nxa4 h4 27. g4 Nbd7 28. Bxa6 Ne4 29. Bc4+ Ke7 30. Nc3 Ndf6 31. Nxe4 Nxe4 32. Bd5 Ng5 33. Bg2 Rb8 34. Rc1 g6 35. Ka4 f5 36. b5 fxg4 37. hxg4 h3 38. Bh1 Ne6 39. b6 Nc5+ 40. Kb5 Nb3 41. Rc2 Nxa5 42. Kxa5 h2 43. b7 Kd7 44. Kb6 Rd8 45. g5 Bb8 46. Rd2+ Ke7 47. Rxd8 Kxd8 48. Kb5 Bd6 49. Kc6 Ke7 50. Kd5 Kd7 51. Be4 Ke7 52. Kc4 Kd7 53. Kd5 Ke7 54. Bh1 Kd7 55. Bg2 Ke7 56. Ke4 Ke6 57. Kd3 Kf5 58. Be4+ Kxg5 59. Ke2 Kh4 60. Kf1 Kh3 61. Bg2+ Kg4 62. Bc6 Kh3 63. Bd7+ Kh4 64. Kg2 g5 65. Kxh2 g4 66. Kg2 Bb8 67. Kf1 g3 68. fxg3+ Kxg3 69. Ke2 Kh4 70. Kd3 Kg5 71. e4 Kf6 72. Kc4 Ke7 73. Bf5 Kd6 74. Kb5 Kc7 75. Ka6 Kc6 76. Be6 Kd6 77. Bb3 Kc6 78. Bf7 Kc5 79. Bd5 Kd6 80. Kb6 Kd7 81. Bc4 Kd6 82. Bf1 Kd7 83. Bh3+ Kd6 84. Bf5 Ke7 85. Kc6 Bd6 1/2-1/2